 Dungeon Crawl Stone Soup version bcrawl-1.27.7 (webtiles) character file.

Game seed: 15483388760190990419

130367 BeastOfSaturn the Slasher (level 3, -14/28 HPs)
             Began as a Demonspawn Skald on Oct 22, 2020.
             Was an Initiate of Qazlal.
             Demolished by an ogre
             ... wielding a +0 giant club
              (27 damage)
             ... on level 2 of the Dungeon.
             The game lasted 00:04:28 (1302 turns).

BeastOfSaturn the Slasher (Demonspawn Skald)        Turns: 1302, Time: 00:04:29

Health: -14/28     AC:  5    Str: 12    XL:     3   Next: 69%
Magic:  6/6        EV: 14    Int: 14    God:    Qazlal [......]
Gold:   84         SH:  0    Dex: 12    Spells: 0/6 levels left

rFire    . . .     SeeInvis .   a - +0 falchion
rCold    . . .     Gourm    .   (no shield)
rNeg     . . .     Faith    .   b - +0 leather armour
rPois    .         Spirit   .   (no helmet)
rElec    +         Reflect  .   (no cloak)
rCorr    .         Harm     .   c - +0 pair of gloves
MR       .....                  l - +0 pair of boots
Stlth    +.........             (no amulet)
HPRegen  0.09/turn              n - ring of insulation
MPRegen  0.10/turn              (no ring)

@: no status effects
A: repulsion field 1
a: Renounce Religion


You were on level 2 of the Dungeon.
You worshipped Qazlal.
Qazlal was noncommittal.
You were not hungry.

You visited 1 branch of the dungeon, and saw 2 of its levels.

You collected 84 gold pieces.

Inventory:

Hand Weapons
 a - a +0 falchion (weapon)
Missiles
 k - 56 poisoned tomahawks (quivered)
Armour
 b - a +0 leather armour (worn)
 c - a +0 pair of gloves (worn)
 l - a +0 pair of boots (worn)
Jewellery
 n - a ring of insulation (left hand)
Scrolls
 d - a scroll of fear
 f - a scroll of blinking {unknown}
 g - a scroll of identify
 h - a scroll of enchant weapon {unknown}
 j - a scroll of magic mapping {unknown}
 m - a scroll of teleportation {unknown}
Potions
 i - a potion of invisibility {unknown}
 o - a potion of cancellation {unknown}
Comestibles
 e - 2 rations {!d}


   Skills:
 * Level 2.5 Fighting
 * Level 3.0 Long Blades
 - Level 1.0 Armour
 - Level 2.0 Dodging
 - Level 2.0 Spellcasting
 * Level 2.9 Charms


You couldn't memorise any spells.
You knew the following spells:

 Your Spells              Type           Power        Failure   Level  Hunger
a - Infusion              Chrm           #.......     9%          1    None
b - Song of Slaying       Chrm           #.......     14%         2    ##.....
c - Regeneration          Chrm/Necr      #.........   45%         3    ####...

Your spell library contained the following spells:

 Spells                   Type           Power        Failure   Level  Hunger
 Ozocubu's Armour         Chrm/Ice       #.......     45%         3    ####...
 Spectral Weapon          Hex/Chrm       #.......     45%         3    ####...


Dungeon Overview and Level Annotations

Branches:
Dungeon (2/12)

Altars:
Qazlal


Innate Abilities, Weirdness & Mutations

You are surrounded by a mild repulsion field. (EV +2)


Message History

The ogre is poisoned.
The ogre is lightly wounded.
Throwing (i - inventory)
k - 58 poisoned tomahawks (quivered)
Press: ? - help, Shift-Dir - straight line, f/p - ogre
Aim: an ogre, wielding a +0 giant club (lightly wounded, poisoned)
You throw a poisoned tomahawk.
The poisoned tomahawk barely misses the ogre.
Throwing (i - inventory)
k - 57 poisoned tomahawks (quivered)
Press: ? - help, Shift-Dir - straight line, f/p - ogre
Aim: an ogre, wielding a +0 giant club (lightly wounded, poisoned)
You throw a poisoned tomahawk. The poisoned tomahawk hits the ogre.
The ogre looks more poisoned.
The ogre is lightly wounded.
You slash the ogre!
The ogre is severely wounded.
The ogre hits you with a +0 giant club!
Ouch! That really hurt!
The ogre hits you with a +0 giant club!!
Ouch! That really hurt!
You die...

#.##...###............#
#..........##.....#...#
###....#####..).......#
...........>#.......[..#
#.<.........>.......####
######†#.÷...).)...###
######....#...........##
#...^....(.^≈..........#
###...#..#..@.##≈≈.)....(#..#
....###.##^^O≈^≈≈^.......##.#
# #....≈#^≈..^##............
##.#.^.≈.≈.^..≈^.#...#.....
..> #......_......#####.....
)####.# ##..^......^.##
#..... ......# ##≈##^...#^#§#
###### ....####
#..##^....#≈.# .##....#
#.^≈#≈..§^.≈^#


You could see an ogre.

Vanquished Creatures
  4 worms
  A dart slug (D:2)
  2 leopard geckos (D:1)
  4 bats (D:1)
  3 giant cockroaches (D:1)
  4 goblins
  9 hobgoblins
  3 jackals
  A frilled lizard (D:1)
  2 kobolds
  A rat (D:1)
34 creatures vanquished.

Notes
Turn   | Place    | Note
-------+----------+-------------------------------------------
     0 | D:1      | BeastOfSaturn the Demonspawn Skald began the quest for the
                  | Orb.
     0 | D:1      | Reached XP level 1. HP: 16/16 MP: 3/3
   114 | D:1      | Reached skill level 1 in Armour
   121 | D:1      | Reached skill level 2 in Long Blades
   244 | D:1      | Gained mutation: You are surrounded by a mild repulsion
                  | field. (EV +2) [demonic ancestry]
   244 | D:1      | Reached XP level 2. HP: 17/22 MP: 3/5
   312 | D:1      | Learned a level 2 spell: Song of Slaying
   625 | D:1      | Reached XP level 3. HP: 21/28 MP: 3/6
  1028 | D:2      | Found a stormy altar of Qazlal.
  1060 | D:2      | Learned a level 3 spell: Regeneration
  1161 | D:2      | Became a worshipper of Qazlal Stormbringer
  1222 | D:2      | Reached skill level 3 in Long Blades
  1275 | D:2      | Noticed an ogre
  1302 | D:2      | Demolished by an ogre

Skill      XL: |  1  2  3 |
---------------+----------+-----
Armour         | 1 |  1.0
Long Blades    | 2 3 |  3.0
Dodging        | 2 |  2.0
Fighting       | |  2.5
Spellcasting   | |  2.0
Charms         | |  2.9

Action                   || total
-------------------------++-------
Melee: Falchion          ||   127
Throw: Tomahawk          ||    22
 Cast: Infusion          ||     6
       Song of Slaying   ||     1
 Stab: Sleeping          ||     1
  Eat: Chunk             ||     6
Armor: Leather armour    ||    24
Dodge: Dodged            ||    98
Block: Other             ||     3
